[Event "FAI-ch Candidates 2022"]
[Site "Eidi"]
[Date "2022.04.09"]
[Round "1.1"]
[White "Hansen, Herluf"]
[Black "Gregersen, Hedin"]
[Result "0-1"]
[ECO "B07"]
[WhiteElo "1982"]
[BlackElo "1859"]
[Annotator "RC"]
[PlyCount "104"]
[EventDate "2022.04.10"]
[EventType "tourn"]
[EventCountry "FAI"]
[SourceTitle "playchess.com"]
[Source "ChessBase"]
[SourceQuality "1"]
[TimeControl "40/5400+30:1800+30"]

1. e4 d6 2. d4 Nf6 3. Nc3 g6 4. Bg5 Bg7 5. Qd2 h6 6. Bh4 g5 7. Bg3 Nh5 8. Bc4 Nc6 9. Nge2 e6 10. f3 Nxg3 11. hxg3 Bd7 12. Nd1 Qf6 13. c3 O-O-O 14. Ne3 Kb8 15. O-O-O Na5 16. Bd3 Ba4 17. Rdf1 d5 18. e5 Qe7 19. f4 c5 20. f5 cxd4 21. f6 dxe3 22. Qxe3 Bxf6 23. Rxf6 Qd7 24. Nd4 Nc6 25. Rhf1 Nxd4 26. Qxd4 Rdf8 27. Bg6 Bb5 28. Rxf7 Rxf7 29. Rxf7 Qd8 30. Qb4 Qb6 31. Qd4 Qxd4 32. cxd4 Be2 33. Re7 Bg4 34. Bf7 Rh7 35. Re8+ Kc7 36. Bxe6 Bxe6 37. Rxe6 Rf7 38. Rd6 Rf1+ 39. Kc2 Rf2+ 40. Kc3 Rxg2 41. Rxd5 Rxg3+ 42. Kc4 Re3 43. Rd6 h5 44. Rg6 g4 45. Kd5 g3 46. Rg7+ Kb6 47. Kd6 h4 48. e6 h3 49. e7 h2 50. Rxg3 Rxg3 51. e8=Q h1=Q 52. Qd8+ Ka6 0-1

[Event "FAI-ch Candidates 2022"]
[Site "Eidi"]
[Date "2022.04.09"]
[Round "1.2"]
[White "Danielsen, Andrias"]
[Black "Jacobsen, Heidrikur T."]
[Result "1-0"]
[ECO "B07"]
[WhiteElo "1893"]
[BlackElo "1853"]
[Annotator "NA RC"]
[PlyCount "67"]
[EventDate "2022.04.10"]
[EventType "tourn"]
[EventCountry "FAI"]
[SourceTitle "playchess.com"]
[Source "ChessBase"]
[SourceQuality "1"]
[TimeControl "40/5400+30:1800+30"]

1. e4 g6 2. d4 Bg7 3. Nc3 d6 4. Be3 Nf6 5. Qd2 O-O 6. Bh6 e5 7. Bxg7 Kxg7 8. dxe5 dxe5 9. Qxd8 Rxd8 10. Nf3 Re8 11. h3 a6 12. a4 Nc6 13. O-O-O Be6 14. Be2 Rad8 15. Rhe1 h6 16. Bf1 Rxd1+ 17. Rxd1 Nd7 18. Nd5 Bxd5 19. exd5 Nd8 20. b4 f5 21. c4 e4 22. Nd4 Kf6 23. c5 e3 24. f4 Re4 25. c6 bxc6 26. dxc6 Nb6 27. a5 Nd5 28. b5 Nc3 29. b6 Nxd1 30. bxc7 Rxd4 31. c8=Q Nc3 32. c7 Nf7 33. Qxa6+ Rd6 34. c8=Q 1-0

[Event "FAI-ch Candidates 2022"]
[Site "Eidi"]
[Date "2022.04.09"]
[Round "1.3"]
[White "Skaale, Janus"]
[Black "Berg, Margar M."]
[Result "1-0"]
[ECO "B07"]
[WhiteElo "1883"]
[BlackElo "2005"]
[Annotator "RC"]
[PlyCount "83"]
[EventDate "2022.04.10"]
[EventType "tourn"]
[EventCountry "FAI"]
[SourceTitle "playchess.com"]
[Source "ChessBase"]
[SourceQuality "1"]
[TimeControl "40/5400+30:1800+30"]

1. e4 g6 2. d4 Bg7 3. Nc3 d6 4. Be3 c6 5. h3 Nf6 6. f4 O-O 7. Bd3 b5 8. e5 dxe5 9. dxe5 Nd5 10. Nxd5 Qxd5 11. Qf3 Be6 12. Be4 Qc4 13. Ne2 Bd5 14. Bxd5 cxd5 15. c3 e6 16. O-O Nd7 17. Qf2 a6 18. Rfd1 Rac8 19. a4 Rb8 20. axb5 Qxb5 21. b4 Qb7 22. Ra5 f6 23. exf6 Nxf6 24. Bd4 Ne4 25. Qe3 Rbc8 26. Rda1 Rc6 27. b5 axb5 28. Ra7 Bxd4 29. Qxd4 Qb6 30. Rg7+ Kh8 31. Raa7 Qxd4+ 32. Nxd4 Rfc8 33. Nxc6 Rxc6 34. Rxh7+ Kg8 35. Rag7+ Kf8 36. Rb7 Kg8 37. Rhg7+ Kf8 38. Rxg6 Nxc3 39. f5 Ne2+ 40. Kf2 Nf4 41. Rh6 Kg8 42. f6 1-0

[Event "FAI-ch Candidates 2022"]
[Site "Eidi"]
[Date "2022.04.09"]
[Round "1.4"]
[White "Hansen Eliasen, Bogi"]
[Black "Nielsen, Jon I Horni"]
[Result "0-1"]
[ECO "E01"]
[WhiteElo "1841"]
[BlackElo "1923"]
[Annotator "RC"]
[PlyCount "106"]
[EventDate "2022.04.10"]
[EventType "tourn"]
[EventCountry "FAI"]
[SourceTitle "playchess.com"]
[Source "ChessBase"]
[SourceQuality "1"]
[TimeControl "40/5400+30:1800+30"]

1. d4 Nf6 2. c4 e6 3. g3 d5 4. Nf3 Bd6 5. Bg2 b6 6. O-O O-O 7. cxd5 exd5 8. Nc3 c6 9. Qc2 Re8 10. Re1 Bb7 11. e4 dxe4 12. Nxe4 Nxe4 13. Rxe4 Nd7 14. Bg5 f6 15. Rae1 Rxe4 16. Qxe4 Nf8 17. Bd2 Qd7 18. Nh4 g6 19. Bc3 Kf7 20. Nf3 Re8 21. Qxe8+ Qxe8 22. Rxe8 Kxe8 23. d5 Kf7 24. dxc6 Bxc6 25. Nd2 Bxg2 26. Kxg2 Ke6 27. Ne4 Be5 28. f4 Bxc3 29. Nxc3 a6 30. b4 Nd7 31. Kf3 f5 32. h3 Nf6 33. Ke3 Nd5+ 34. Nxd5 Kxd5 35. Kd3 h6 36. h4 b5 37. h5 gxh5 38. Ke3 Kc4 39. a3 Kc3 40. Ke2 Kb3 41. Kd3 Kxa3 42. Kc3 Ka4 43. Kd4 Kxb4 44. Ke5 Kc5 45. Kxf5 Kd6 46. Kg6 b4 47. f5 b3 48. f6 b2 49. f7 b1=Q+ 50. Kg7 Qb2+ 51. Kg8 Qb3 52. g4 Ke7 53. Kh8 Kxf7 0-1

[Event "FAI-ch Candidates 2022"]
[Site "Eidi"]
[Date "2022.04.10"]
[Round "2.1"]
[White "Gregersen, Hedin"]
[Black "Nielsen, Jon I Horni"]
[Result "1-0"]
[ECO "A30"]
[WhiteElo "1859"]
[BlackElo "1923"]
[Annotator "RC"]
[PlyCount "85"]
[EventDate "2022.04.10"]
[EventType "tourn"]
[EventCountry "FAI"]
[SourceTitle "playchess.com"]
[Source "ChessBase"]
[SourceQuality "1"]
[TimeControl "40/5400+30:1800+30"]

1. g3 Nf6 2. Bg2 d5 3. Nf3 c5 4. O-O Nc6 5. c4 e5 6. cxd5 Nxd5 7. Nc3 Be6 8. Ng5 Nc7 9. d3 Qd7 10. Nxe6 Nxe6 11. a3 Be7 12. Nd5 O-O 13. Rb1 Rac8 14. b4 b6 15. f4 exf4 16. gxf4 Nc7 17. Nxe7+ Nxe7 18. bxc5 Ncd5 19. Qd2 Rxc5 20. Bb2 Rfc8 21. Rbc1 Qa4 22. Rc4 Qb5 23. f5 f6 24. e4 Ne3 25. Bxf6 Nxf1 26. Qg5 Ng6 27. fxg6 Qd7 28. gxh7+ Kxh7 29. Qh4+ Kg8 30. Bh3 Nd2 31. Bxd7 Nf3+ 32. Kf2 Nxh4 33. Be6+ Kh7 34. Bxh4 Rxc4 35. Bxc4 a5 36. a4 Rf8+ 37. Ke3 Rf1 38. Kd4 Kh6 39. Bg3 Ra1 40. Bb5 Kg6 41. Kd5 Rc1 42. Kd6 Rc5 43. e5 1-0

[Event "FAI-ch Candidates 2022"]
[Site "Eidi"]
[Date "2022.04.10"]
[Round "2.2"]
[White "Berg, Margar M."]
[Black "Hansen Eliasen, Bogi"]
[Result "1-0"]
[ECO "A10"]
[WhiteElo "2005"]
[BlackElo "1841"]
[Annotator "NA RC"]
[PlyCount "121"]
[EventDate "2022.04.10"]
[EventType "tourn"]
[EventCountry "FAI"]
[SourceTitle "playchess.com"]
[Source "ChessBase"]
[SourceQuality "1"]
[TimeControl "40/5400+30:1800+30"]

1. g3 f5 2. Bg2 Nf6 3. c4 e6 4. Nc3 Be7 5. Nf3 O-O 6. O-O c6 7. Qc2 d5 8. cxd5 cxd5 9. d3 Nc6 10. Bf4 a6 11. a3 Nd7 12. d4 g5 13. Be3 g4 14. Ne5 Ndxe5 15. dxe5 Nxe5 16. Rfd1 Bd7 17. Nxd5 $15 Rc8 18. Qb3 Nc4 19. Qxb7 Bd6 20. Qxa6 Be5 21. Nb6 Nxb6 22. Bxb6 Qe8 23. Qd3 Bc6 24. Bxc6 Rxc6 25. Bd4 Qb8 26. Qe3 Bxd4 27. Qxd4 Rfc8 28. b4 Kf7 29. Qd7+ Kg6 30. Qd4 R8c7 31. Qe5 Qc8 32. b5 Rc1 33. b6 Rxd1+ 34. Rxd1 Rc1 35. Qd4 Qc6 36. Rxc1 Qxc1+ 37. Kg2 Qc6+ 38. e4 fxe4 39. Qe3 Kh5 40. Kg1 h6 41. Qb3 Qc1+ 42. Kg2 e3 43. Qxe3 Qc6+ 44. Kg1 Qd5 45. b7 Qd1+ 46. Kg2 Qd5+ 47. Kf1 Qd1+ 48. Qe1 Qd3+ 49. Kg1 Qb5 50. a4 Qxb7 51. Qe5+ Kg6 52. Qxe6+ Kh7 53. Qxg4 Qb1+ 54. Kg2 Qb7+ 55. Qf3 Qb6 56. Qe4+ Kg7 57. h4 Qa5 58. g4 Kh8 59. h5 Qa6 60. Qe8+ Kg7 61. Qg6+ 1-0

[Event "FAI-ch Candidates 2022"]
[Site "Eidi"]
[Date "2022.04.10"]
[Round "2.3"]
[White "Jacobsen, Heidrikur T."]
[Black "Skaale, Janus"]
[Result "1-0"]
[ECO "D02"]
[WhiteElo "1853"]
[BlackElo "1883"]
[Annotator "NA RC"]
[PlyCount "97"]
[EventDate "2022.04.10"]
[EventType "tourn"]
[EventCountry "FAI"]
[SourceTitle "playchess.com"]
[Source "ChessBase"]
[SourceQuality "1"]
[TimeControl "40/5400+30:1800+30"]

1. d4 d5 2. c4 c6 3. Nc3 Nf6 4. Bf4 Bf5 5. e3 e6 6. Nf3 Bb4 7. a3 Bxc3+ 8. bxc3 Ne4 9. Qb3 Qb6 10. Qxb6 axb6 11. cxd5 Nxc3 12. Bxb8 Rxb8 13. dxc6 bxc6 14. Rc1 Nb1 15. Rxc6 Nxa3 16. Ne5 b5 17. Kd2 f6 18. Nd3 O-O 19. Nc5 b4 (19... e5 $11) 20. Kc1 Rfc8 ({Black should try} 20... e5 $1 $11) 21. Rxc8+ Rxc8 22. Kb2 e5 $1 23. Kb3 (23. Ba6 $14 Rc6 24. Bb7) 23... exd4 $1 24. exd4 Nc2 25. Bc4+ Kf8 26. Rd1 Ke7 27. Nb7 Rc7 28. Na5 Kd6 29. Ka4 (29. d5 $11 {is superior.}) 29... Ne3 30. fxe3 Bc2+ 31. Bb3 Bxd1 32. Bxd1 Rc1 33. Bf3 g5 34. h3 h6 35. Kxb4 Ke6 36. d5+ Kd7 37. Nc4 Rb1+ 38. Kc5 Rc1 39. Kd4 Rc2 40. d6 Rc1 41. Kd5 Rb1 42. Bg4+ Kd8 43. Ke6 Rc1 44. Nb6 $18 (44. Na5 $142 Rc2 45. Kf7 Rc7+ 46. dxc7+ Kxc7 47. Kxf6 Kb6 {[#]} 48. e4 $1 h5 49. Bxh5) 44... Rc5 45. Nd5 Rc2 46. Kxf6 Rxg2 47. Ne7 Rc2 48. Ke6 Re2 49. Bxe2 1-0

[Event "FAI-ch Candidates 2022"]
[Site "Eidi"]
[Date "2022.04.10"]
[Round "2.4"]
[White "Hansen, Herluf"]
[Black "Danielsen, Andrias"]
[Result "1/2-1/2"]
[ECO "D30"]
[WhiteElo "1982"]
[BlackElo "1893"]
[Annotator "RC"]
[PlyCount "109"]
[EventDate "2022.04.10"]
[EventType "tourn"]
[EventCountry "FAI"]
[SourceTitle "playchess.com"]
[Source "ChessBase"]
[SourceQuality "1"]
[TimeControl "40/5400+30:1800+30"]

1. d4 d5 2. Nf3 Nf6 3. c4 c6 4. Qc2 e6 5. g3 Be7 6. Bg2 O-O 7. O-O dxc4 8. Qxc4 b5 9. Qc2 Bb7 10. a4 Nbd7 11. Nbd2 Rc8 12. Nb3 c5 13. axb5 cxd4 14. Qd1 e5 15. Bd2 Qb6 16. Na5 Bxf3 17. exf3 Qxb5 18. b3 Rb8 19. Re1 Rfe8 20. f4 Rbc8 21. fxe5 Nxe5 22. Bf4 Bb4 23. Rxe5 Rxe5 24. Bxe5 Qxe5 25. Nc6 Qd6 26. Rc1 Re8 27. Qxd4 Qxd4 28. Nxd4 Re1+ 29. Rxe1 Bxe1 30. Nc6 a5 31. Kf1 Bc3 32. Ke2 Kf8 33. Kd3 Be1 34. f4 Ng4 35. Ke2 Bc3 36. h3 Nf6 37. Bf3 Ke8 38. Kd3 Be1 39. g4 Kd7 40. Kc4 Ne8 41. Kb5 Nc7+ 42. Kb6 Ne6 43. f5 Nf4 44. Nxa5 Nxh3 45. Nc6 g6 46. b4 gxf5 47. gxf5 Ng5 48. Bh1 Kd6 49. b5 f6 50. Kb7 Nf7 51. b6 Bf2 52. Ka6 Bxb6 53. Kxb6 h5 54. Kb5 Nh6 55. Be4 1/2-1/2

[Event "FAI-ch Candidates 2022"]
[Site "Eidi"]
[Date "2022.04.11"]
[Round "3.1"]
[White "Danielsen, Andrias"]
[Black "Gregersen, Hedin"]
[Result "0-1"]
[ECO "E63"]
[WhiteElo "1893"]
[BlackElo "1859"]
[Annotator "NA RC"]
[PlyCount "50"]
[EventDate "2022.04.10"]
[EventType "tourn"]
[EventCountry "FAI"]
[SourceTitle "playchess.com"]
[Source "ChessBase"]
[SourceQuality "1"]
[TimeControl "40/5400+30:1800+30"]

1. d4 Nf6 2. c4 g6 3. Nc3 Bg7 4. g3 O-O 5. Bg2 d6 6. Nf3 Nc6 7. O-O a6 8. h3 Rb8 9. e4 Na5 10. Qe2 b5 11. cxb5 axb5 12. e5 Ne8 13. Rd1 Ba6 14. e6 f6 15. Nd5 c6 16. Nf4 $14 Nc7 17. Nh4 b4 18. Qg4 f5 19. Qg5 Rf6 20. Nhxg6 hxg6 21. d5 cxd5 22. Bxd5 Bc4 23. Bxc4 Nxc4 24. Re1 Ne5 25. Rxe5 dxe5 0-1

[Event "FAI-ch Candidates 2022"]
[Site "Eidi"]
[Date "2022.04.11"]
[Round "3.2"]
[White "Skaale, Janus"]
[Black "Hansen, Herluf"]
[Result "0-1"]
[ECO "B46"]
[WhiteElo "1883"]
[BlackElo "1982"]
[Annotator "RC"]
[PlyCount "138"]
[EventDate "2022.04.10"]
[EventType "tourn"]
[EventCountry "FAI"]
[SourceTitle "playchess.com"]
[Source "ChessBase"]
[SourceQuality "1"]
[TimeControl "40/5400+30:1800+30"]

1. e4 c5 2. Nf3 e6 3. d4 cxd4 4. Nxd4 a6 5. Nc3 Qc7 6. Bd3 Nf6 7. O-O Nc6 8. Nxc6 bxc6 9. f4 d6 10. Kh1 Be7 11. Qf3 O-O 12. Bd2 e5 13. f5 Rb8 14. Qg3 Rd8 15. Bg5 d5 16. Rf3 Rb4 17. Re1 Rd4 18. exd5 Rg4 19. Qxe5 Bd6 20. Qe3 Rxg5 21. Qxg5 cxd5 22. Qh4 Bb7 23. Rff1 Qb6 24. Na4 Qc6 25. Qd4 Qc8 26. Nc3 Qc7 27. Qh4 Qb6 28. Nd1 Qa5 29. a3 h6 30. Ne3 Be5 31. c3 Qc7 32. Ng4 Nxg4 33. Qxg4 Bf6 34. Bb1 Bc6 35. Rd1 Qb7 36. Rd2 a5 37. Rfd1 Qb3 38. Qf3 Re8 39. Qf2 a4 40. Re1 Rd8 41. Qc5 Qb7 42. Qb4 Qd7 43. Red1 Qe8 44. Qg4 Qe7 45. Bd3 Qb7 46. Qb4 Qd7 47. Bc2 Qa7 48. Qg4 Qa8 49. Bd3 Re8 50. Re2 Rd8 51. Rde1 Rb8 52. h4 Qa7 53. Kh2 Qc5 54. g3 Kf8 55. Kh3 Qd6 56. Qf4 Qd8 57. Qf2 Kg8 58. Qc5 Qd7 59. Qa5 d4 60. c4 Qc8 61. Qa7 Rb3 62. Be4 Bxe4 63. Rxe4 Qxf5+ 64. Kg2 Qf3+ 65. Kg1 Qxg3+ 66. Kf1 Rf3+ 67. Ke2 Rf2+ 68. Kd1 Qd3+ 69. Kc1 Qc2# 0-1

[Event "FAI-ch Candidates 2022"]
[Site "Eidi"]
[Date "2022.04.11"]
[Round "3.3"]
[White "Hansen Eliasen, Bogi"]
[Black "Jacobsen, Heidrikur T."]
[Result "0-1"]
[ECO "E70"]
[WhiteElo "1841"]
[BlackElo "1853"]
[Annotator "NA RC"]
[PlyCount "70"]
[EventDate "2022.04.10"]
[EventType "tourn"]
[EventCountry "FAI"]
[SourceTitle "playchess.com"]
[Source "ChessBase"]
[SourceQuality "1"]
[TimeControl "40/5400+30:1800+30"]

1. d4 Nf6 2. c4 g6 3. Nc3 Bg7 4. e4 d6 5. Bd3 O-O 6. Nge2 e5 7. d5 a5 8. O-O Na6 9. a3 Nc5 10. Bc2 a4 11. f3 Bd7 12. Be3 Qe8 13. Bxc5 dxc5 14. Bd3 Bh6 15. b3 Be3+ 16. Kh1 Nh5 17. b4 b6 18. Qe1 f5 19. exf5 gxf5 20. Ng3 f4 21. Nxh5 Qxh5 22. Ra2 Rf6 23. g4 Qh3 24. Qe2 h5 25. Ne4 Raf8 26. Nxf6+ Rxf6 27. g5 Rd6 28. bxc5 bxc5 29. Rb2 Bf5 30. Rb7 Rd7 31. Bxf5 Qxf5 32. Ra7 Rg7 33. Qd1 Qxg5 34. Ra8+ Kf7 35. Qe2 Qg1+ 0-1

[Event "FAI-ch Candidates 2022"]
[Site "Eidi"]
[Date "2022.04.11"]
[Round "3.4"]
[White "Nielsen, Jon I Horni"]
[Black "Berg, Margar M."]
[Result "1/2-1/2"]
[ECO "B51"]
[WhiteElo "1923"]
[BlackElo "2005"]
[Annotator "RC"]
[PlyCount "171"]
[EventDate "2022.04.10"]
[EventType "tourn"]
[EventCountry "FAI"]
[SourceTitle "playchess.com"]
[Source "ChessBase"]
[SourceQuality "1"]
[TimeControl "40/5400+30:1800+30"]

1. e4 c5 2. Nf3 d6 3. Bb5+ Nd7 4. O-O Ngf6 5. Re1 e6 6. c3 Be7 7. d4 cxd4 8. cxd4 O-O 9. Nc3 a6 10. Bd3 h6 11. h3 b5 12. Qb3 Nh7 13. Bf4 Ng5 14. Nxg5 hxg5 15. Bg3 Qb6 16. Red1 Nf6 17. e5 Nh5 18. Bh2 Nf4 19. Bxf4 gxf4 20. Be4 Ra7 21. Ne2 f5 22. Bc2 g5 23. Rac1 Bd7 24. Qf3 Be8 25. exd6 Bxd6 26. Bb3 Bb8 27. d5 e5 28. d6+ Kg7 29. Qd5 Qd8 30. Qxe5+ Qf6 31. Qc5 Rd7 32. Qb6 Bh5 33. Qc6 Rfd8 34. f3 Bg6 35. Rd2 Ba7+ 36. Kf1 Be3 37. Rcd1 Bxd2 38. Rxd2 Rxd6 39. Qc7+ R8d7 40. Qxd7+ Rxd7 41. Rxd7+ Kh8 42. Nc3 Be8 43. Nd5 Qxb2 44. Rd8 Qc1+ 45. Ke2 Qb2+ 46. Kf1 Qe5 47. Ra8 b4 48. Kg1 g4 49. hxg4 fxg4 50. fxg4 Kg7 51. Ra7+ Kh6 52. Rxa6+ Kg5 53. Rf6 Qe1+ 54. Kh2 Kh4 55. Rxf4 Bc6 56. Rf3 Bxd5 57. Bxd5 Qe5+ 58. g3+ Kxg4 59. Rf4+ Kg5 60. Bg2 Qe1 61. Re4 Qd2 62. Rh4 Kf6 63. Re4 Kg7 64. Rf4 Qb2 65. Kh1 Qd2 66. Kh2 Qe1 67. Re4 Qd2 68. Rf4 Kh6 69. Re4 Kg5 70. Re5+ Kf6 71. Re4 Kf5 72. Kh1 Qxa2 73. Rxb4 Qa1+ 74. Kh2 Qh8+ 75. Rh4 Qg7 76. Rf4+ Ke5 77. Re4+ Kf5 78. Rh4 Ke5 79. Rh5+ Kf6 80. Kh3 Qd7+ 81. g4 Qd3+ 82. Kh4 Qe3 83. Rf5+ Kg6 84. Rf3 Qe1+ 85. Kh3 Kg5 86. Rf5+ 1/2-1/2

[Event "FAI-ch Candidates 2022"]
[Site "Eidi"]
[Date "2022.04.12"]
[Round "4.1"]
[White "Gregersen, Hedin"]
[Black "Berg, Margar M."]
[Result "1-0"]
[ECO "B07"]
[WhiteElo "1859"]
[BlackElo "2005"]
[Annotator "RC"]
[PlyCount "44"]
[EventDate "2022.04.10"]
[EventType "tourn"]
[EventCountry "FAI"]
[SourceTitle "playchess.com"]
[Source "ChessBase"]
[SourceQuality "1"]
[TimeControl "40/5400+30:1800+30"]

1. e4 g6 2. g3 d6 3. Bg2 Bg7 4. Nf3 Nc6 5. O-O e5 6. c3 Bg4 7. h3 Bxf3 8. Qxf3 Qd7 9. d3 O-O-O 10. b4 f6 11. b5 Nb8 12. a4 g5 13. Qe3 b6 14. a5 h5 15. c4 Bh6 16. Qe2 Ne7 17. Ra3 Ng6 18. axb6 axb6 19. Ra7 Rdg8 20. Nc3 Rg7 21. Nd5 Qe6 22. Qxh5 Nf4 1-0

[Event "FAI-ch Candidates 2022"]
[Site "Eidi"]
[Date "2022.04.12"]
[Round "4.3"]
[White "Hansen, Herluf"]
[Black "Hansen Eliasen, Bogi"]
[Result "1-0"]
[ECO "A80"]
[WhiteElo "1982"]
[BlackElo "1841"]
[Annotator "RC"]
[PlyCount "77"]
[EventDate "2022.04.10"]
[EventType "tourn"]
[EventCountry "FAI"]
[SourceTitle "playchess.com"]
[Source "ChessBase"]
[SourceQuality "1"]
[TimeControl "40/5400+30:1800+30"]

1. d4 f5 2. Nc3 Nf6 3. Bg5 d5 4. Bxf6 exf6 5. e3 Be6 6. Bd3 Nc6 7. Nge2 Bd6 8. Qd2 a6 9. O-O-O Nb4 10. Kb1 Nxd3 11. Qxd3 b5 12. Nf4 Bxf4 13. exf4 Qd7 14. Ne2 O-O 15. Nc1 Qd6 16. Qf3 c5 17. dxc5 Qxc5 18. Nb3 Qc4 19. Nd4 Bd7 20. Qd3 g6 21. Rhe1 Qxd3 22. cxd3 Rfe8 23. Kc2 Rxe1 24. Rxe1 Kf7 25. Kc3 Rc8+ 26. Kb4 a5+ 27. Kxa5 Ra8+ 28. Kb6 Rxa2 29. Re2 Ra4 30. Kc5 b4 31. Kxd5 Ra6 32. Kc5 b3 33. Kc4 Rb6 34. Kc3 Ba4 35. Re1 Rb7 36. Ra1 Rc7+ 37. Kd2 Bc6 38. Rc1 Ke7 39. Rxc6 1-0

[Event "FAI-ch Candidates 2022"]
[Site "Eidi"]
[Date "2022.04.12"]
[Round "4.4"]
[White "Danielsen, Andrias"]
[Black "Skaale, Janus"]
[Result "0-1"]
[ECO "E60"]
[WhiteElo "1893"]
[BlackElo "1883"]
[Annotator "NA RC"]
[PlyCount "76"]
[EventDate "2022.04.10"]
[EventType "tourn"]
[EventCountry "FAI"]
[SourceTitle "playchess.com"]
[Source "ChessBase"]
[SourceQuality "1"]
[TimeControl "40/5400+30:1800+30"]

1. Nf3 Nf6 2. b3 g6 3. Bb2 Bg7 4. e3 O-O 5. Be2 d6 6. d4 c5 7. O-O Nbd7 8. c4 Ne4 {[%emt 0:07:38] 8...cxd4 gains popularity.} 9. Nbd2 Ndf6 10. Qc2 Nxd2 11. Nxd2 {[%emt 0:00:37] [#]} Qc7 $146 ({Predecessor:} 11... cxd4 12. Bxd4 Bd7 13. Bf3 Qc7 14. Rac1 Rac8 15. Qb2 b6 16. Ne4 e5 17. Bc3 Nxe4 18. Bxe4 {½-½ (62) Adamkova,S-Paral,S Brno 1999}) 12. d5 Rb8 13. e4 a6 14. h3 b5 15. Rad1 bxc4 16. Nxc4 Nd7 17. Bxg7 Kxg7 18. f4 Kg8 19. Qc3 Nb6 20. e5 Nxc4 21. Bxc4 Bb7 22. h4 (22. f5 $18) 22... Qd7 23. Qg3 Qf5 24. Bd3 Qh5 25. Be2 $2 Qxe2 26. exd6 exd6 27. f5 Qe5 28. Qg5 Rbe8 29. Rf3 Bxd5 30. Rf2 f6 31. Qg4 Bf7 32. Rdf1 Qd4 33. Qf3 Re3 34. Qb7 Re2 35. fxg6 hxg6 36. h5 Rfe8 37. hxg6 Bxg6 38. Qd7 Rxf2 0-1

[Event "FAI-ch Candidates 2022"]
[Site "Eidi"]
[Date "2022.04.13"]
[Round "5.1"]
[White "Skaale, Janus"]
[Black "Gregersen, Hedin"]
[Result "1-0"]
[ECO "B07"]
[WhiteElo "1883"]
[BlackElo "1859"]
[Annotator "NA RC"]
[PlyCount "61"]
[EventDate "2022.04.10"]
[EventType "tourn"]
[EventCountry "FAI"]
[SourceTitle "playchess.com"]
[Source "ChessBase"]
[SourceQuality "1"]
[TimeControl "40/5400+30:1800+30"]

1. e4 d6 2. d4 Nf6 3. Nc3 g6 4. Be3 a6 5. h3 Bg7 6. f4 O-O 7. Nf3 Nc6 8. e5 dxe5 (8... Nh5 $11) 9. dxe5 Nd7 10. a4 b6 11. Qd5 Nb4 12. Qe4 c5 (12... a5 $16) 13. O-O-O (13. Qxa8 $18 {is the precise move to win.} Nxc2+ 14. Kf2 Nxa1 15. Bxa6) 13... Qc7 $2 14. Qxa8 Nxe5 15. Nxe5 Bxe5 16. Qe4 Bg7 17. Nd5 Nxd5 18. Qxd5 Be6 19. Qe4 b5 20. g4 bxa4 21. Bc4 Qa5 (21... Bc8 $142 22. Bd5 Qb6) 22. Bxe6 Rb8 23. b3 fxe6 24. Qxa4 Qc3 (24... Bb2+ $142 25. Kxb2 (25. Kb1 Qxa4 26. bxa4 Bd4+ 27. Ka2 Bxe3 $18) 25... Qxa4) 25. Qe4 a5 26. Rd3 Qb2+ 27. Kd2 e5 28. f5 c4 29. Qxc4+ Kh8 30. Qc7 Rf8 31. Rd8 $18 (31. Qxe7 $142 Kg8 {[#]} 32. Rb1 $3 e4 33. Rxb2 exd3 34. c3 Rf6 35. Kxd3 Rf8 36. Bc5) 1-0

[Event "FAI-ch Candidates 2022"]
[Site "Eidi"]
[Date "2022.04.13"]
[Round "5.2"]
[White "Hansen Eliasen, Bogi"]
[Black "Danielsen, Andrias"]
[Result "0-1"]
[ECO "E08"]
[WhiteElo "1841"]
[BlackElo "1893"]
[Annotator "NA RC"]
[PlyCount "62"]
[EventDate "2022.04.10"]
[EventType "tourn"]
[EventCountry "FAI"]
[SourceTitle "playchess.com"]
[Source "ChessBase"]
[SourceQuality "1"]
[TimeControl "40/5400+30:1800+30"]

1. d4 d5 2. c4 e6 3. Nf3 c6 4. g3 Nf6 5. Bg2 Nbd7 6. O-O Be7 7. Qc2 O-O 8. b3 Ne4 9. Nfd2 f5 10. Nxe4 fxe4 11. f3 exf3 $1 12. Bxf3 Nf6 13. Be3 a5 14. Nd2 Bd7 15. Bf2 Be8 16. a3 Bg6 17. Qc3 b5 18. c5 Qd7 (18... a4 $17) 19. Rfe1 a4 20. b4 $1 Rae8 21. e4 h6 22. e5 Nh7 23. h4 Rc8 24. Rf1 Bd8 25. Be3 Qe8 $1 26. Bg4 Bh5 27. Bh3 Qg6 28. Bf4 Bxh4 $1 29. Bxe6+ Qxe6 30. gxh4 Qg4+ 31. Qg3 $19 {[%emt 0:00:23] [#]} (31. Bg3) 31... Rxf4 $1 0-1

[Event "FAI-ch Candidates 2022"]
[Site "Eidi"]
[Date "2022.04.13"]
[Round "5.4"]
[White "Berg, Margar M."]
[Black "Jacobsen, Heidrikur T."]
[Result "0-1"]
[ECO "A01"]
[WhiteElo "2005"]
[BlackElo "1853"]
[Annotator "TA"]
[PlyCount "98"]
[EventDate "2022.04.10"]
[EventType "tourn"]
[EventCountry "FAI"]
[SourceTitle "playchess.com"]
[Source "ChessBase"]
[SourceQuality "1"]
[TimeControl "40/5400+30:1800+30"]

1. b3 e5 2. Bb2 Nc6 3. e3 Nf6 4. Be2 d5 5. Nf3 Bd6 6. d4 {[%emt 0:01:47][%cal Rd4e5] A01: Nimzowitsch-Larsen Opening.} e4 7. Ne5 {[%emt 0:01:18] [#]} Ne7 $146 ({Predecessor:} 7... Qe7 8. Bb5 Bd7 9. Bxc6 Bxc6 10. Nxc6 bxc6 11. c4 c5 12. dxc5 Bxc5 13. cxd5 Rd8 {0-1 (45) Seelig,J-Klein,A Leverkusen 2001}) 8. Nd2 (8. O-O $11) 8... Ng6 ({Black should play} 8... O-O $15) 9. c4 $11 c6 10. h4 (10. O-O $11) 10... Qe7 $17 11. cxd5 cxd5 12. Bb5+ Bd7 (12... Kf8 $17 13. f4 exf3 14. Ndxf3 Bb4+ 15. Kf1 Ne4) 13. Nxd7 $11 Nxd7 14. h5 Ngf8 15. Qg4 Ne6 16. f3 Qg5 (16... exf3 $1 $15 17. Qxf3 O-O) 17. Qxg5 $14 Nxg5 18. O-O Bb4 19. Rf2 (19. Nb1 $11) 19... a6 $15 20. Bf1 Rc8 21. f4 Ne6 {[%emt 0:00:33] &Nero is more active.} 22. a3 Bd6 23. Nb1 f5 24. Nc3 Nf6 25. Rc1 O-O (25... Kf7 $15) 26. Rfc2 {[%emt 0:00:24] [#]} (26. Be2 $11 {keeps the balance.}) 26... Rc6 (26... Bxf4 $1 $17 27. Nxd5 (27. exf4 Nxd4 28. Nxd5 Rxc2 $17) 27... Nxd5 $1 28. exf4 Rxc2 29. Rxc2 Nexf4) 27. Be2 {[%emt 0:00:43] [#]} (27. b4 $15) 27... Rfc8 (27... Bxf4 $1 $19 28. Nxd5 (28. exf4 Nxd4 29. Nxd5 Nxe2+ 30. Rxe2 Rxc1+ 31. Bxc1 Nxd5 $17) 28... Nxd5 29. exf4 Ndxf4) 28. b4 $2 {[%emt 0:00:25] [#]} (28. g3 $17) 28... Bxf4 $1 $19 29. exf4 (29. Kf2 Bg5) 29... Nxd4 30. Rd2 Nb3 {[%emt 0:00:08][%csl LRc1,LRd2][%cal Bd4b3,Bb3c1,Bc1e2,Be2f4][%mdl 32] Pair of Knights!} 31. Nxd5 Nxc1 32. Ne7+ Kf7 33. Nxc6 Nxe2+ ({Not} 33... Rxc6 $2 34. Bxf6 Nxe2+ 35. Rxe2) 34. Kf2 $2 (34. Rxe2 Rxc6 35. Bxf6 gxf6 36. Rd2) 34... Nxf4 {[%emt 0:01:42] Black is clearly winning.} ({Inferior is} 34... bxc6 35. Kxe2 Nxh5 36. Ke3 $17) 35. Na5 Nd3+ 36. Kf1 Nxb2 37. Rxb2 {[%emt 0:00:10][%mdl 4096] Endgame KRN-KRN} b6 38. Nb3 {[%emt 0:00:50] Prevents Rc1+.} Nxh5 39. Rd2 e3 40. Rd7+ Ke6 41. Rb7 Ng3+ 42. Ke1 Rc3 43. Nd4+ Ke5 44. Ne2 {[%emt 0:00:16] Inhibits Rc1+.} Nxe2 45. Kxe2 Rxa3 46. g3 g5 {[%emt 0:03:51] Threatens to win with ...f4.} 47. Rxh7 Rb3 {[%emt 0:00:36] Hoping for ...f4.} 48. Re7+ Kd4 49. Rd7+ Ke5 $2 {[%emt 0:01:57][%mdl 32768] Weighted Error Value: White=0.63/Black=0.21 (precise) . Sensor Board Error (Ke4/e5)?} (49... Kc4 $19 50. Rf7 Rxb4 51. Rc7+ Kb3 52. Kxe3 a5) 0-1